 Dungeon Crawl Stone Soup version 0.23-a0-183-gf37f6fb (webtiles) character file.

7638 Merlin the Cleaver (level 10, 0/91 HPs)
             Began as a Minotaur Fighter on Sept 22, 2018.
             Was a Priest of Makhleb.
             Slain by an orc warrior
             ... wielding a +0 glaive
              (5 damage)
             ... on level 11 of the Dungeon.
             The game lasted 00:29:40 (10385 turns).

Merlin the Cleaver (Minotaur Fighter)              Turns: 10385, Time: 00:29:40

Health: 0/91       AC: 17    Str: 23    XL:     10   Next: 98%
Magic:  13/13      EV:  7    Int:  5    God:    Makhleb [***...]
Gold:   334        SH: 11    Dex: 10    Spells: 9/9 levels left

rFire    . . .     SeeInvis .   a - +0 war axe
rCold    + . .     Gourm    .   c - +0 shield
rNeg     . . .     Faith    .   v - +0 plate armour
rPois    .         Spirit   .   (helmet restricted)
rElec    .         Reflect  .   F - +0 cloak
rCorr    .         Harm     .   (no gloves)
MR       ++...                  h - +0 pair of boots "Layhoff" {MR++ Dex-4}
Stlth    ..........             (no amulet)
HPRegen  0.00/turn              k - ring of protection from cold
MPRegen  0.13/turn              A - +3 ring of strength

@: non-regenerating, mildly diseased, hasted, very quick
A: retaliatory headbutt, horns 2
a: Minor Destruction, Lesser Servant of Makhleb, Renounce Religion


You were on level 11 of the Dungeon.
You worshipped Makhleb.
Makhleb was most pleased with you.
You were very hungry.

You visited 1 branch of the dungeon, and saw 11 of its levels.

You collected 562 gold pieces.
You spent 228 gold pieces at shops.

Inventory:

Hand Weapons
 a - a +0 war axe (weapon)
Armour
 c - a +0 shield (worn)
 h - the +0 pair of boots "Layhoff" (worn) {MR++ Dex-4}
   (You found it on level 5 of the Dungeon)

   It affects your dexterity (-4).
   It affects your resistance to hostile enchantments.
 v - a +0 plate armour (worn)
 y - the +0 chain mail "Elusah" {rElec MR+ Stlth+}
   (You bought it in a shop on level 7 of the Dungeon)

   It insulates you from electricity.
   It affects your resistance to hostile enchantments.
   It makes you more stealthy.
 F - a +0 cloak (worn)
Jewellery
 k - a ring of protection from cold (left hand)
 l - an uncursed ring of fire
 A - a +3 ring of strength (right hand)
 D - an uncursed ring of flight
Wands
 g - a wand of enslavement (13)
 B - a wand of random effects (24)
 C - a wand of iceblast (9)
 E - a wand of polymorph (8)
 H - a wand of scattershot (4)
Scrolls
 b - a scroll of enchant armour {unknown}
 e - 8 scrolls of remove curse
 i - 2 scrolls of teleportation
 m - 2 scrolls of immolation
 t - 4 scrolls of blinking
 x - a scroll of magic mapping {unknown}
 G - a scroll of brand weapon {unknown}
 I - a scroll of random uselessness {unknown}
Potions
 d - 3 potions of might
 n - a potion of resistance
 o - 7 potions of curing
 p - 4 potions of invisibility
 q - 2 potions of lignification
 r - 2 potions of mutation
 s - a potion of berserk rage
 u - 4 potions of brilliance
 w - a potion of ambrosia
 z - 4 potions of haste
 K - a potion of agility
Comestibles
 f - 13 rations


   Skills:
 + Level 9.1 Fighting
 * Level 11.7 Axes
 + Level 9.2 Armour
 + Level 4.0 Dodging
 + Level 9.1 Shields
 + Level 5.5 Invocations


You had 9 spell levels left.
You didn't know any spells.
Your spell library contained the following spells:

 Spells                   Type           Power        Failure   Level  Hunger
 Beastly Appendage        Tmut           #.....       100%        1    ##.....
 Sticks to Snakes         Tmut           #.......     100%        2    ###....
 Spider Form              Tmut/Pois      #.........   100%        3    ####...
 Ice Form                 Ice/Tmut       #.......     100%        4    #####..
 Blade Hands              Tmut           #.........   100%        5    ######.


Dungeon Overview and Level Annotations

Branches:
Dungeon (11/15)            Temple (0/1) D:6            Lair (0/6) D:11
    Orc: D:9-12

Altars:
Elyvilon
Hepliaklqana
Makhleb

Shops:
D:7 [

Annotations:
D:9 2 transporters, Karim's ghost, novice GnWr


Innate Abilities, Weirdness & Mutations

You reflexively headbutt those who attack you in melee.
You have a pair of horns on your head.


Message History

The orc warrior is heavily wounded.
The orc warrior barely misses you.
You hit the orc warrior but do no damage.
The orc warrior is heavily wounded.
The orc warrior hits you from afar with a glaive!
* * * LOW HITPOINT WARNING * * *
You block the orc warrior's attack.
You feel much better. You block the orc warrior's attack.
You feel yourself speed up.
The orc warrior hits you with a long sword.
* * * LOW HITPOINT WARNING * * *
The orc warrior hits you but does no damage.
You closely miss the orc warrior.
The orc warrior is heavily wounded.
Your shield and plate armour prevent you from hitting the orc warrior.
The orc warrior is heavily wounded.
The orc warrior hits you with a long sword!
* * * LOW HITPOINT WARNING * * *
The orc warrior hits you from afar with a glaive.
You die... #......†..# ######### ###'####### 8## #..## ...# ##..# oo...

##.#####{oo...
#....(o)o{o...
#....o####o).#
#....o# #
#....@#
#.....#
#.)...#
#......
#.....##
#.....#
##.#### #.


You could see 2 orc warriors and an orc wizard.

Vanquished Creatures
  A two-headed ogre (D:8)
  Joseph (D:9)
  A troll (D:10)
  A spriggan (D:7)
  Eustachio (D:5)
  5 yaks (D:11)
  A wraith (D:10)
  Edmund (D:5)
  3 ice beasts
  4 orc warriors
  A sky beast (D:7)
  2 ogres
  2 necrophages
  The ghost of digijack the Slasher, an amateur HuMo (D:3)
  4 centaurs
  A big kobold (D:8)
  4 bullfrogs
  A water moccasin skeleton (D:4)
  2 scorpions
  19 killer bees
  3 howler monkeys (D:7)
  9 crimson imps
  A centaur zombie (D:8)
  2 quasits
  8 hounds
  4 orc wizards
  5 orc priests
  2 jellies
  3 centaur skeletons
  5 worker ants
  A killer bee zombie (D:5)
  A hound skeleton (D:5)
  4 gnolls (D:3)
  A howler monkey skeleton (D:9)
  8 adders
  3 shadow imps
  An ooze (D:2)
  An adder skeleton (D:4)
  4 worms
  2 leopard geckos
  30 orcs
  5 giant cockroaches
  5 goblins
  3 hobgoblins
  2 jackals (D:9)
  16 kobolds
  3 quokkas
  2 bats
  4 frilled lizards
  A leopard gecko skeleton (D:7)
  3 quokka simulacra (D:3)
  A quokka skeleton (D:4)
  5 rats
204 creatures vanquished.

Vanquished Creatures (collateral kills)
  A hydra (D:11)
  A necrophage (D:11)
2 creatures vanquished.

Vanquished Creatures (others)
  A troll (D:9)
  A black bear (D:9)
2 creatures vanquished.

Grand Total: 208 creatures vanquished

Notes
Turn   | Place    | Note
-------+----------+-------------------------------------------
     0 | D:1      | Merlin the Minotaur Fighter began the quest for the Orb.
     0 | D:1      | Reached XP level 1. HP: 19/19 MP: 0/0
   344 | D:1      | Reached XP level 2. HP: 21/27 MP: 1/1
  1022 | D:2      | Reached skill level 3 in Axes
  1229 | D:2      | Reached XP level 3. HP: 33/33 MP: 2/2
  1679 | D:2      | Reached XP level 4. HP: 40/40 MP: 3/3
  1831 | D:3      | Found a runed gate.
  1831 | D:3      | Found a runed gate.
  1831 | D:3      | Found a runed gate.
  1875 | D:3      | Noticed digijack's ghost (amateur HuMo)
  1962 | D:3      | Reached skill level 4 in Axes
  2206 | D:3      | Reached XP level 5. HP: 10/47 MP: 4/4
  2515 | D:3      | Killed digijack's ghost
  2515 | D:3      | Reached skill level 5 in Armour
  2768 | D:4      | Reached skill level 5 in Axes
  2768 | D:4      | Reached XP level 6. HP: 54/55 MP: 5/5
  2803 | D:4      | Reached skill level 5 in Fighting
  2805 | D:4      | Reached skill level 5 in Shields
  3227 | D:4      | Found a burning altar of Makhleb.
  3233 | D:4      | Reached XP level 7. HP: 55/61 MP: 6/6
  3240 | D:4      | Became a worshipper of Makhleb the Destroyer
  3486 | D:5      | Entered Level 5 of the Dungeon
  3511 | D:5      | Noticed Edmund
  3550 | D:5      | Killed Edmund
  3550 | D:5      | Reached skill level 6 in Axes
  3850 | D:5      | Noticed Eustachio
  3868 | D:5      | Killed Eustachio
  3870 | D:5      | Got a pair of scorched boots
  3876 | D:5      | Identified the +0 pair of boots "Layhoff" {MR++ Dex-4} (You
                  | found it on level 5 of the Dungeon)
  3990 | D:5      | Reached skill level 7 in Axes
  4512 | D:6      | Reached XP level 8. HP: 70/70 MP: 7/7
  4845 | D:6      | Found a staircase to the Ecumenical Temple.
  5038 | D:7      | Reached skill level 1 in Invocations
  5283 | D:7      | Found Hied's Antique Armour Emporium.
  5302 | D:7      | Bought a fine chain mail for 228 gold pieces
  5312 | D:7      | Identified the +0 chain mail "Elusah" {rElec MR+ Stlth+}
                  | (You bought it in a shop on level 7 of the Dungeon)
  5362 | D:7      | Reached skill level 8 in Axes
  5784 | D:7      | Reached * piety under Makhleb
  5967 | D:7      | Reached XP level 9. HP: 76/79 MP: 10/10
  6087 | D:7      | Reached skill level 9 in Axes
  6594 | D:8      | Found a white marble altar of Elyvilon.
  6651 | D:8      | Noticed a two-headed ogre
  6730 | D:8      | Killed a two-headed ogre
  6974 | D:8      | Reached skill level 10 in Axes
  7347 | D:9      | Reached ** piety under Makhleb
  7363 | D:9      | Killed a troll
  7364 | D:9      | Found a transporter.
  7373 | D:9      | Reached skill level 1 in Dodging
  7393 | D:9      | Noticed a death knight
  7397 | D:9      | Noticed Karim's ghost (novice GnWr)
  7439 | D:9      | Found a hazy altar of Hepliaklqana.
  7488 | D:9      | Reached XP level 10. HP: 68/88 MP: 12/12
  7739 | D:9      | Noticed Joseph
  7769 | D:9      | Killed Joseph
  8065 | D:9      | Found a transporter.
  8159 | D:10     | Entered Level 10 of the Dungeon
  8322 | D:10     | Reached skill level 11 in Axes
  8504 | D:10     | Reached skill level 5 in Invocations
  9626 | D:11     | Reached *** piety under Makhleb
  9781 | D:11     | Noticed a five-headed hydra
  9797 | D:11     | Killed a ten-headed hydra
 10132 | D:11     | Found a staircase to the Lair.
 10385 | D:11     | Slain by an orc warrior

Vault maps used:
D:1:      minmay_arrival_arboretum_small, hangedman_feature_mirror
D:2:      first_ration
D:3:      gammafunk_ghost_icy
D:4:      makhleb_heckhound_becter
D:5:      palyth_stone_intersect, hangedman_decor_clover_reticule,
          uniq_eustachio, uniq_edmund
D:6:      minmay_temple_entry_statues_pillars
D:7:      serial_shops, shop, the_bakery, grunt_decor_cap
D:8:      elyvilon_altar_5
D:9:      lemuel_crystal_altar, gammafunk_ghost_mausoleum, lemuel_flame_loot_1,
          uniq_joseph
D:11:     lair_entry_dummy, david_orc_4

Skill      XL: |  1  2  3  4  5  6  7  8  9 10 |
---------------+-------------------------------+-----
Armour         | 4 5 6 7 8 9 |  9.2
Fighting       | 4 5 6 7 8 9 |  9.1
Axes           | 3 4 5 7 8 10 11 | 11.7
Shields        | 4 5 6 7 8 9 |  9.1
Invocations    | 2 4 5 |  5.5
Dodging        | 1 4 |  4.0

Action                   |  1- 3 |  4- 6 |  7- 9 | 10-12 || total
-------------------------+-------+-------+-------+-------++-------
Melee: War axe           |    89 |   117 |   347 |   207 ||   760
       Headbutt          |     8 |    12 |    62 |    38 ||   120
Invok: Minor Destruction |       |       |       |     3 ||     3
       Lesser Servant of |       |       |       |     1 ||     1
Evoke: Wand              |       |       |     1 |       ||     1
  Use: Scroll            |     1 |       |    12 |     4 ||    17
       Potion            |       |     3 |       |     2 ||     5
  Eat: Chunk             |     2 |     6 |    10 |     8 ||    26
       Ration            |       |       |     1 |       ||     1
Armor: Scale mail        |    38 |    20 |       |       ||    58
       Plate armour      |       |    33 |   183 |   142 ||   358
Dodge: Dodged            |    18 |    28 |    62 |    73 ||   181
Block: Shield            |    43 |    52 |   172 |   150 ||   417

Table legend:
 A = Non-vault XP
 B = Vault XP
 C = Vault XP percentage of total XP
 D = Non-vault monster count
 E = Vault monster count
 F = Vault count percentage of total count
                 A         B        C        D         E       F
            +---------+---------+-------+---------+---------+-------
      Total |    9580 |    1332 |  12.2 |     195 |      11 |   5.3
            +---------+---------+-------+---------+---------+-------
        D:1 |      19 |       0 |   0.0 |      12 |       0 |   0.0
        D:2 |      78 |       0 |   0.0 |      17 |       0 |   0.0
        D:3 |     143 |     118 |  45.2 |      20 |       4 |  16.7
        D:4 |     354 |      43 |  10.8 |      16 |       1 |   5.9
        D:5 |     213 |     360 |  62.8 |      10 |       2 |  16.7
        D:6 |     221 |       0 |   0.0 |       7 |       0 |   0.0
        D:7 |    1523 |     220 |  12.6 |      30 |       1 |   3.2
        D:8 |    1236 |       0 |   0.0 |      17 |       0 |   0.0
        D:9 |    1707 |     455 |  21.0 |      30 |       1 |   3.2
       D:10 |    2009 |       0 |   0.0 |      26 |       0 |   0.0
       D:11 |    2077 |     136 |   6.1 |      10 |       2 |  16.7
            +---------+---------+-------+---------+---------+-------
